AoeStats
← 陟遐自迩

African Clearing

506386281Analyzed
4v4 RM · 19d ago on Sep 13, 2026· 26m 54s· 8 players
Game mode
Random Map
Map size
Large (8 player)
Population
200
Speed
Normal
Resources
Standard
Victory
Conquest
Starting age
Dark Age
Ending age
Imperial Age
RankedLock teamsTeams togetherTeam positionsShared explorationLock speedFull tech treeHidden civsTurbo modeCheats
Victory
Defeat
🇨🇳 Mapuche · China
1375
+7
🇨🇳 Chinese · China
1363
+7
🇨🇳 Huns · China
1196
+13
🇨🇳 Vietnamese · China
949
+22
🇹🇼 Ethiopians · Taiwan
1158
-13
🇹🇼 Huns · Taiwan
1157
-13
🇬🇧 Khmer · United Kingdom
1151
-13
🇩🇪 Gurjaras · Germany
1078
-10
Felinehen123
12:33 Loom
16:09 Feudal Age
21:31 Castle Age
19:56 Horse Collar
22:00 Wheelbarrow
21:53 Bloodlines
21:43 Stone Mining
21:45 Double-Bit Axe
25:47 Scale Barding Armor
dshau
10:30 Loom
12:46 Feudal Age
13:37 Double-Bit Axe
15:46 Fletching
19:52 Castle Age
18:52 Padded Archer Armor
20:20 Crossbowman
xoxodniw
3:27 Loom
16:02 Feudal Age
19:29 Castle Age
17:44 Double-Bit Axe
18:34 Gold Mining
19:03 Fletching
20:08 Wheelbarrow
19:54 Padded Archer Armor
20:26 Bow Saw
23:50 Bodkin Arrow
26:10 Gold Shaft Mining
陟遐自迩
4:02 Loom
15:53 Feudal Age
17:53 Wheelbarrow
18:59 Fletching
19:10 Padded Archer Armor
27:24 Castle Age
9LMB
12:40 Feudal Age
16:37 Castle Age
14:38 Double-Bit Axe
15:30 Fletching
15:30 Loom
15:56 Fletching
17:12 Bodkin Arrow
21:19 Wheelbarrow
22:01 Padded Archer Armor
26:19 Ballistics
苏沐卿
3:07 Loom
13:03 Feudal Age
13:37 Double-Bit Axe
17:20 Fletching
20:54 Wheelbarrow
21:20 Horse Collar
24:58 Castle Age
24:27 Padded Archer Armor
25:00 Crossbowman
25:36 Bodkin Arrow
26:55 Bow Saw
vper1490
9:06 Loom
12:47 Feudal Age
15:55 Double-Bit Axe
16:03 Gold Mining
18:34 Castle Age
19:40 Scale Mail Armor
27:41 Chain Mail Armor
房东四十
9:30 Loom
14:59 Feudal Age
15:38 Double-Bit Axe
16:06 Gold Mining
16:31 Gold Mining
18:29 Bloodlines
21:25 Castle Age
21:45 Forging
21:40 Scale Barding Armor
22:04 Bloodlines
23:22 Gold Shaft Mining
23:45 Bow Saw
Connection lost

Rejoining the realm…

Still unreachable

The connection could not be restored.

Session expired

The server has moved on; the page needs a fresh start.